 Dungeon Crawl Stone Soup version 0.28-a0-802-g09f76e8c00 (webtiles) character file.

Game seed: 5635964364916993536

219 croobank the Chopper (level 5, -2/43 HPs)
             Began as a Palentonga Warper on Nov 7, 2021.
             Slain by Pikel (4 damage)
             ... on level 4 of the Dungeon.
             The game lasted 00:24:31 (3694 turns).

croobank the Chopper (Palentonga Warper)            Turns: 3694, Time: 00:24:32

Health: -2/43      AC:  6    Str: 15    XL:     5   Next: 63%
Magic:  6/8        EV:  8    Int: 19    God:
Gold:   66         SH:  0    Dex: 10    Spells: 2/8 levels left

rFire   . . .      SeeInvis +   a - +0 hand axe
rCold   . . .      Faith    .   (no shield)
rNeg    . . .      Spirit   .   g - +0 ring mail
rPois   .          Reflect  .   (no helmet)
rElec   .          Harm     .   (no cloak)
rCorr   .          Rampage  .   (no gloves)
Will    .....                   (no barding)
Stlth   ..........              (no amulet)
HPRegen 0.14/turn               d - ring of see invisible
MPRegen 0.11/turn               n - +6 ring of intelligence

@: no status effects
A: large, rugged brown scales 3, see invisible, deformed body, roll 1, armoured
tail
a: Rolling Charge


You were on level 4 of the Dungeon.
You visited 1 branch of the dungeon, and saw 4 of its levels.

You collected 66 gold pieces.

Inventory:

Hand Weapons
 a - a +0 hand axe (weapon)
 e - a +0 dagger
 j - a +2 hunting sling of freezing
Missiles
 c - 68 arrows
 k - 45 stones
 q - 9 poisoned darts
Armour
 b - a +0 leather armour
 g - a +0 ring mail (worn)
 m - a +0 chain mail
Jewellery
 d - a ring of see invisible (left hand)
 n - a +6 ring of intelligence (right hand)
Scrolls
 l - a scroll of amnesia {unknown}
 o - 2 scrolls of magic mapping
 p - a scroll of enchant weapon {unknown}
 r - a scroll of noise {unknown}
 s - a scroll of enchant armour {unknown}
 t - a scroll of immolation {unknown}
 u - a scroll of acquirement {unknown}
Potions
 h - a potion of degeneration
 i - a potion of ambrosia {unknown}


   Skills:
 + Level 3.0 Fighting
 + Level 3.6 Axes
 + Level 0.6 Throwing
 + Level 2.4 Armour
 + Level 2.1 Dodging
 + Level 0.1 Stealth
 + Level 2.1 Spellcasting
 + Level 3.3 Translocations


You had 2 spell levels left.
You knew the following spells:

 Your Spells              Type           Power      Damage    Failure   Level
a - Blink                 Tloc           28%        N/A       12%         2
b - Gell's Gravitas       Tloc           14%        N/A       24%         3
c - Beastly Appendage     Tmut           4%         N/A       32%         1

Your spell library contained the following spells:

 Spells                   Type           Power      Damage    Failure   Level
 Wereblood                Tmut           2%         N/A       43%         2
 Lesser Beckoning         Tloc           14%        N/A       24%         3
 Teleport Other           Tloc           14%        N/A       24%         3
 Spider Form              Tmut/Pois      2%         N/A       67%         3
 Manifold Assault         Tloc           14%        N/A       92%         5
 Alistair's Intoxication  Tmut/Pois      1%         N/A       100%        5
 Borgnjor's Vile Clutch   Necr/Erth      1%         N/A       100%        5
 Eringya's Noxious Bog    Tmut/Pois      1%         N/A       100%        6


Dungeon Overview and Level Annotations

Branches:
Dungeon (4/15)
 Temple: D:4-7

Altars:
Dithmenos
Uskayaw

Annotations:
D:4 Pikel


Innate Abilities, Weirdness & Mutations

You are completely covered in rugged brown scales. (AC +3, +7% HP)
You have supernaturally acute eyesight. (SInv)
Armour fits poorly on your strangely shaped body.
You can roll at nearby foes to attack.
You have a long armoured tail.


Message History

The goblin is severely wounded.
The goblin barely misses you.
A lemure comes into view.
You hit the goblin but do no damage. You tail-slap the goblin.
You kill the goblin!
You hit Pikel.
Pikel hits you with a +2 whip of freezing.
Pikel freezes you. There's nothing you can charge at!
A lemure comes into view.
The lemure shouts!
The lemure enters a dispersal trap!
The lemure blinks! x2; Pikel blinks!
The lemure blinks! x5; You blink.
The lemure blinks!
There is a stone staircase leading down here.
Pikel cracks his whip.
Roll where?
Press: ? - help, Q - select action, (/) - cycle Dir - move target, f - Pikel
Aim: Pikel, wielding a +2 whip of freezing and wearing a +0 robe You roll forward with a clatter of scales!
You hit Pikel but do no damage. You closely miss the lemure. x2
You hear a shout!
Pikel hits you with a +2 whip of freezing.
Pikel freezes you. The lemure hits you! The lemure hits you.
The lemure hits you but does no damage.
Okay, then.
Okay, then.
Casting: Blink (safe; 12% risk of failure)
Confirm with . or Enter, or press ? or * to list all spells.
You blink.
The lemure hits you!
* * * LOW HITPOINT WARNING * * *
Pikel hits you with a +2 whip of freezing.
* * * LOW HITPOINT WARNING * * *
Pikel freezes you.
* * * LOW HITPOINT WARNING * * *
Things that are here:
a +0 dagger; a +0 dagger You feel stable enough to blink again.
Pikel hits you with a +2 whip of freezing.
You die...

....5.........
#..........###
####.............
#.............#
..##..........#
...........#.#
.#####..##.#.#####
##..>).###.....).#
.....#######.###@##
.....#.........#K.#
.....#.........##5#
..........^.).5##5###
..............5)....#
..(..........<.######
..........>....#
###♣♣.P♣.......#
♣P≈♣♣♣......#


You could see Pikel and 2 lemures.

Vanquished Creatures
  A howler monkey (D:4)
  A centaur skeleton (D:4)
  A jelly (D:4)
  A gnoll (D:1)
  4 adders
  A worm (D:2)
  4 dart slugs
  An orc (D:3)
  2 endoplasms
  3 giant cockroaches
  14 goblins
  5 hobgoblins
  2 jackals (D:1)
  4 kobolds
  4 quokkas
  6 ball pythons
  5 bats
  5 frilled lizards
  5 rats
69 creatures vanquished.

Vanquished Creatures (others)
  2 fungi (D:1)
  2 plants (D:1)
4 creatures vanquished.

Grand Total: 73 creatures vanquished

Notes
Turn   | Place    | Note
-------+----------+-------------------------------------------
     0 | D:1      | croobank the Palentonga Warper began the quest for the Orb.
     0 | D:1      | Reached XP level 1. HP: 17/17 MP: 3/3
   410 | D:1      | Reached XP level 2. HP: 23/23 MP: 5/5
  1026 | D:1      | Reached skill level 1 in Armour
  1034 | D:1      | Reached XP level 3. HP: 7/29 MP: 6/6
  1318 | D:1      | Learned a level 2 spell: Blink
  1376 | D:1      | Found a faded altar of an unknown god.
  1381 | D:1      | Learned a level 3 spell: Gell's Gravitas
  2104 | D:2      | Learned a level 1 spell: Beastly Appendage
  2131 | D:2      | Reached XP level 4. HP: 36/36 MP: 7/7
  2576 | D:3      | Found a hide-covered altar of Uskayaw.
  2622 | D:3      | Found a shadowy altar of Dithmenos.
  3290 | D:4      | Reached XP level 5. HP: 22/42 MP: 8/8
  3329 | D:4      | HP: 2/42 [acid (9)]
  3658 | D:4      | Noticed Pikel
  3658 | D:4      | Noticed a lemure
  3676 | D:4      | Noticed a lemure
  3677 | D:4      | Noticed a lemure
  3679 | D:4      | Noticed a lemure
  3689 | D:4      | HP: 2/43 [Pikel (4)]
  3694 | D:4      | Slain by Pikel

Illustrated notes

Levels and vault maps discovered:
D:1:      minmay_arrival_pointy, layout_loops_ring,
          shapermc_ecumenical_altar_acropolis, minmay_cupped
D:2:      layout_rooms
D:3:      layout_loops_ring, grunt_dithmenos_smoke_and_mirrors,
          nicolae_uskayaw_suspiria
D:4:      layout_rooms, serial_bayou_crossing, uniq_pikel, uniq_blork_the_orc

Skill      XL: |  1  2  3  4  5 |
---------------+----------------+-----
Armour         | 1 2 |  2.4
Axes           | 3 |  3.6
Dodging        | 2 |  2.1
Fighting       | 3 |  3.0
Throwing       | |  0.6
Stealth        | |  0.1
Spellcasting   | |  2.1
Translocations | |  3.3

Action                   |  1- 3 |  4- 6 || total
-------------------------+-------+-------++-------
Melee: Hand axe          |   113 |   112 ||   225
       Tailslap          |     8 |    13 ||    21
Throw: Boomerang         |     5 |       ||     5
 Cast: Beastly Appendage |     1 |       ||     1
       Gell's Gravitas   |       |     1 ||     1
       Blink             |       |     1 ||     1
 Abil: Rolling Charge    |    11 |    14 ||    25
  Use: Scroll            |     2 |     1 ||     3
       Potion            |     1 |     1 ||     2
Armor: Leather armour    |    41 |       ||    41
       Ring mail         |     2 |    50 ||    52
Dodge: Dodged            |    58 |    51 ||   109

Table legend: (Time is in decaauts)
 A = Elapsed time spent in this place.
 B = Non-inter-level travel time spent in this place.
 C = Inter-level travel time spent in this place.
 D = Time resting spent in this place.
 E = Time spent auto-exploring this place.
 F = Levels seen in this place.
 G = Mean time per level.
                   A        B        C        D        E       F      G
               +--------+--------+--------+--------+--------+-----+--------+
         Total |   3732 |   3655 |     77 |   1186 |   1739 |   4 |  933.0 |
       Dungeon |   3732 |   3655 |     77 |   1186 |   1739 |   4 |  933.0 |
               +--------+--------+--------+--------+--------+-----+--------+

Top non-repeatable levels by time:
     D:1: 1660 daAuts
     D:2: 864 daAuts
     D:3: 715 daAuts
     D:4: 490 daAuts
